AoeStats
← Desmond

Arabia

507786739Analyzed
3v3 RM · 11d ago on Sep 19, 2026· 73m 53s· 6 players
Game mode
Random Map
Map size
Normal (6 player)
Population
200
Speed
Normal
Resources
Standard
Victory
Conquest
Starting age
Dark Age
Ending age
Imperial Age
RankedLock teamsTeams togetherTeam positionsShared explorationLock speedFull tech treeHidden civsTurbo modeCheats
Victory
Defeat
🇷🇴 Persians · Romania
1013
+14
🇷🇴 Wei · Romania
1009
+14
🇷🇴 Byzantines · Romania
955
+17
🇹🇼 Maya · Taiwan
991
-16
🇬🇧 Huns · United Kingdom
982
-15
🇪🇸 Franks · Spain
947
-14
Kobe
10:07 Feudal Age
24:45 Castle Age
24:01 Stone Mining
24:48 Scale Barding Armor
24:55 Forging
24:58 Double-Bit Axe
36:25 Gold Mining
36:49 Fletching
37:23 Ballistics
38:39 Wheelbarrow
38:57 Husbandry
39:28 Bow Saw
41:51 Gold Shaft Mining
45:36 Imperial Age
42:44 Pikeman
43:25 Squires
43:59 Scale Mail Armor
47:01 Hand Cart
46:31 Loom
46:32 Town Watch
48:16 Chain Barding Armor
48:21 Cavalier
50:57 Bodkin Arrow
51:38 Iron Casting
58:06 Masonry
58:16 Light Cavalry
65:26 Architecture
Desmond
11:43 Feudal Age
12:58 Loom
17:24 Castle Age
16:01 Bloodlines
16:08 Horse Collar
16:23 Double-Bit Axe
19:05 Wheelbarrow
22:40 Fletching
22:56 Heavy Plow
24:05 Hand Cart
26:47 Pikeman
27:44 Padded Archer Armor
28:32 Bodkin Arrow
30:16 Bow Saw
30:07 Gold Mining
31:46 Thumb Ring
35:02 Imperial Age
34:19 Ballistics
34:11 Masonry
35:44 Gold Shaft Mining
36:52 Chemistry
35:18 Heavy Cavalry Archer
36:33 Parthian Tactics
36:32 Husbandry
37:34 Conscription
42:40 Bracer
42:56 Leather Archer Armor
44:01 Elite Skirmisher
44:46 Scale Mail Armor
44:57 Forging
44:21 Halberdier
45:02 Squires
55:34 Scale Barding Armor
56:05 Iron Casting
54:54 Elite Tarkan
55:38 Marauders
57:50 Chain Barding Armor
58:32 Blast Furnace
59:55 Light Cavalry
61:14 Plate Barding Armor
64:57 Hussar
65:04 Hussar
roger777
0:28 Loom
10:09 Feudal Age
11:07 Double-Bit Axe
21:03 Castle Age
21:15 Fletching
21:26 Padded Archer Armor
21:35 Crossbowman
23:59 Leather Archer Armor
25:36 Pikeman
26:42 Ballistics
27:26 Scale Mail Armor
29:17 Forging
40:56 Bodkin Arrow
42:44 Wheelbarrow
43:20 Chain Mail Armor
43:16 Horse Collar
46:56 Imperial Age
45:28 Iron Casting
46:54 Masonry
47:35 Squires
46:58 Halberdier
47:55 Squires
48:34 Plate Mail Armor
47:49 Eagle Warrior
48:54 Arson
48:37 Elite Skirmisher
50:33 Bracer
51:37 Blast Furnace
53:14 Arbalester
54:56 Elite Eagle Warrior
58:57 Squires
59:00 Bracer
59:43 Gold Mining
61:46 Holcans
61:33 Heavy Plow
65:04 Conscription
67:34 Elite Skirmisher
68:20 Thumb Ring
72:24 Chemistry
72:33 Hul'che Javelineers
Salcid
6:27 Loom
9:02 Feudal Age
23:01 Castle Age
21:25 Double-Bit Axe
21:47 Horse Collar
26:09 Fletching
26:25 Scale Barding Armor
26:57 Bloodlines
27:35 Forging
27:39 Bodkin Arrow
28:14 Pikeman
30:07 Gold Mining
30:21 Padded Archer Armor
31:10 Husbandry
33:07 Parthian Tactics
34:26 Gold Shaft Mining
35:17 Thumb Ring
36:37 Town Watch
37:29 Wheelbarrow
39:17 Leather Archer Armor
39:44 Iron Casting
41:57 Chain Barding Armor
45:09 Imperial Age
42:57 Hand Cart
46:01 Ring Archer Armor
44:58 Heavy Cavalry Archer
49:52 Chemistry
49:12 Ballistics
49:00 Heavy Camel Rider
59:23 Masonry
62:54 Blast Furnace
65:26 Light Cavalry
67:42 Plate Barding Armor
Alexandru
6:34 Loom
10:55 Feudal Age
11:25 Horse Collar
12:29 Double-Bit Axe
20:14 Castle Age
21:38 Bow Saw
21:31 Heavy Plow
27:31 Imperial Age
25:52 Wheelbarrow
25:46 Ballistics
27:06 Fletching
28:39 Bodkin Arrow
30:48 Chemistry
29:51 Stone Mining
30:50 Elite Skirmisher
32:20 Hand Cart
32:38 Crop Rotation
33:53 Bracer
37:08 Conscription
37:17 Padded Archer Armor
38:33 Leather Archer Armor
40:58 Ring Archer Armor
46:01 Murder Holes
47:39 Forging
49:22 Iron Casting
50:38 Pikeman
53:13 Squires
59:28 Halberdier
60:00 Gambesons
63:35 Elite Cataphract
68:57 Scale Barding Armor
Ryu
8:12 Loom
10:26 Feudal Age
10:58 Double-Bit Axe
17:15 Fletching
17:25 Padded Archer Armor
22:24 Castle Age
20:57 Gold Mining
22:01 Bloodlines
22:25 Forging
22:57 Scale Barding Armor
29:31 Iron Casting
31:27 Wheelbarrow
31:52 Bodkin Arrow
33:30 Stone Mining
34:21 Town Watch
40:59 Imperial Age
40:24 Stone Shaft Mining
40:59 Leather Archer Armor
41:47 Husbandry
43:02 Gold Shaft Mining
42:58 Horse Collar
44:52 Blast Furnace
44:12 Chain Barding Armor
45:45 Chain Barding Armor
46:57 Bow Saw
49:26 Ring Archer Armor
48:56 Bracer
48:57 Scale Mail Armor
49:29 Murder Holes
50:23 Bracer
51:18 Ballistics
52:03 Chain Mail Armor
53:28 Parthian Tactics
55:43 Chemistry
57:02 Hand Cart
58:02 Conscription
58:36 Light Cavalry
60:48 Elite Tiger Cavalry
62:27 Hoardings
69:04 Hussar
Connection lost

Rejoining the realm…

Still unreachable

The connection could not be restored.

Session expired

The server has moved on; the page needs a fresh start.